 Dungeon Crawl Stone Soup version 0.28.0-53-g5a82cb258f (webtiles) character file.

Game seed: 10864143831513173873

1308 styxcanada the Covert (level 8, -3/42 HPs)
             Began as a Spriggan Brigand on May 22, 2022.
             Slain by Menkaure (20 damage)
             ... on level 5 of the Dungeon.
             The game lasted 00:20:06 (4585 turns).

styxcanada the Covert (Spriggan Brigand)            Turns: 4585, Time: 00:20:07

Health: -3/42      AC:  3    Str:  7    XL:     8   Next: 32%
Magic:  9/9        EV: 20    Int: 13    God:
Gold:   252        SH:  0    Dex: 18    Spells: 4/7 levels left

rFire   . . .      SeeInvis +   a - +2 dagger
rCold   . . .      Faith    .   (no shield)
rNeg    . . .      Spirit   .   b - +0 robe
rPois   .          Reflect  .   (helmet restricted)
rElec   .          Harm     .   c - +0 cloak
rCorr   .          Rampage  .   (gloves unavailable)
Will    +....                   (boots unavailable)
Stlth   +++++.....              (no amulet)
HPRegen 0.14/turn               (no ring)
MPRegen 0.11/turn               (no ring)

@: invisible, very quick
A: very small, no large weapons, unfitting armour, see invisible, speed 3
a: no special abilities


You were on level 5 of the Dungeon.
You visited 1 branch of the dungeon, and saw 5 of its levels.

You collected 252 gold pieces.

Inventory:

Hand Weapons
 a - a +2 dagger (weapon)
Missiles
 d - 23 poisoned darts (quivered)
 e - 2 curare-tipped darts
 k - 177 stones
 r - 55 sling bullets
Armour
 b - a +0 robe (worn)
 c - a +0 cloak (worn)
Jewellery
 m - an amulet of regeneration
 n - a ring of magical power
 A - a ring of poison resistance
Scrolls
 g - a scroll of fog
 o - 2 scrolls of torment
 p - a scroll of magic mapping {unknown}
 q - 2 scrolls of vulnerability {unknown}
 s - 2 scrolls of noise {unknown}
 u - a scroll of silence {unknown}
 x - a scroll of teleportation {unknown}
 y - a scroll of enchant weapon {unknown}
 z - a scroll of fear {unknown}
 C - a scroll of immolation {unknown}
Potions
 f - 4 potions of curing
 h - 2 potions of might
 l - a potion of flight
 t - a potion of haste
 v - 3 potions of cancellation
 w - 2 potions of magic
 B - a potion of ambrosia {unknown}
 D - 3 potions of degeneration {unknown}


   Skills:
 * Level 3.6 Fighting
 + Level 5.6 Short Blades
 + Level 3.4 Throwing
 * Level 5.7 Dodging
 * Level 10.7 Stealth
 * Level 0.4 Spellcasting
 * Level 0.1 Conjurations
 * Level 0.2 Fire Magic


You had 4 spell levels left.
You knew the following spells:

 Your Spells              Type           Power      Damage    Failure   Level
a - Foxfire               Conj/Fire      0%         2x1d4     28%         1
b - Scorch                Fire           0%         2d5       38%         2

Your spell library contained the following spells:

 Spells                   Type           Power      Damage    Failure   Level
 Animate Skeleton         Necr           0%         N/A       30%         1
 Pain                     Necr           0%         1d4       30%         1
 Conjure Flame            Conj/Fire      0%         6-21      63%         3
 Inner Flame              Hex/Fire       0%         N/A       65%         3
 Vampiric Draining        Necr           0%         2d6       65%         3
 Flame Wave               Conj/Fire      0%         2d4       95%         4
 Summon Cactus Giant      Summ           0%         N/A       100%        6


Dungeon Overview and Level Annotations

Branches:
Dungeon (5/15)
 Temple: D:4-7

Altars:
Kikubaaqudgha
Okawaru

Annotations:
D:5 Menkaure


Innate Abilities, Weirdness & Mutations

You are very small and have problems with some larger weapons.
You are too small for most types of armour.
You have supernaturally acute eyesight. (SInv)
You cover ground extremely quickly. (Speed+++)


Message History

* * * LOW HITPOINT WARNING * * *
The orc closely misses you.
You feel better. The orc misses you.
The centaur unwields a +0 shortbow.
The centaur barely misses you. The centaur closely misses you.
You hit the centaur.
The centaur is lightly wounded.
The orc completely misses you.
You hit the centaur.
The centaur is lightly wounded.
The centaur closely misses you. x2; The orc misses you.
The centaur misses you. The centaur closely misses you.
You hit the centaur.
The centaur is lightly wounded.
You kill the orc!
Menkaure points at you and mumbles some strange words.
You resist with some effort. The centaur misses you.
The centaur barely misses you.
You hit the centaur but do no damage.
You punch the centaur, but do no damage.
The centaur is lightly wounded.
The centaur misses you. The centaur closely misses you.
You closely miss the centaur.
The centaur is lightly wounded.
The centaur misses you. x2
You hit the centaur but do no damage.
The centaur is lightly wounded.
The centaur completely misses you. The centaur closely misses you.
You fade into invisibility!
The centaur closely misses you. The centaur barely misses you.
The centaur completely misses you. x2
You catch the helpless centaur completely off-guard!
You impale the centaur!!
You kill the centaur!
Menkaure gestures at you while chanting.
You resist with some effort.
You hit Menkaure but do no damage.
Menkaure gestures wildly while chanting.
Menkaure seems to speed up.
You barely miss Menkaure. Menkaure hits you!!
You die...

####............... .....##.#
#....... #.#....###........
#...#.............
#...<.............
###....#....>#......
###########......##....#......
.................##....#......
##..............@M#...........
######...†......)))...........
........................#.....
...................((.........
.............................>
........#....#..............##
............................#
.............#.#.##.##....###
.........###...........#.##


You could see Menkaure (fast).

Vanquished Creatures
  Pikel (D:4)
  An ice beast (D:5)
  An ogre (D:4)
  A necrophage (D:5)
  A centaur (D:5)
  3 scorpions (D:4)
  A water moccasin skeleton (D:4)
  A hound (D:4)
  A bullfrog skeleton (D:4)
  Jessica (D:2)
  2 iguanas (D:4)
  A killer bee zombie (D:4)
  3 hound skeletons
  4 adders
  3 adder skeletons (D:4)
  A worm (D:4)
  2 dart slugs
  4 orcs
  7 ball pythons
  8 bats
  9 endoplasms
  2 giant cockroaches
  5 goblins
  7 hobgoblins
  2 jackals (D:4)
  7 kobolds
  3 quokkas (D:1)
  5 frilled lizards
  6 rats
93 creatures vanquished.

Notes
Turn   | Place    | Note
-------+----------+-------------------------------------------
     0 | D:1      | styxcanada the Spriggan Brigand began the quest for the
                  | Orb.
     0 | D:1      | Reached XP level 1. HP: 10/10 MP: 2/2
    29 | D:1      | Reached skill level 6 in Stealth
   143 | D:1      | Reached XP level 2. HP: 14/14 MP: 3/3
   309 | D:1      | Reached skill level 7 in Stealth
   506 | D:1      | Reached XP level 3. HP: 18/18 MP: 4/4
  1138 | D:1      | Found a faded altar of an unknown god.
  1466 | D:2      | Noticed Jessica
  1470 | D:2      | Killed Jessica
  1471 | D:2      | Reached skill level 8 in Stealth
  1471 | D:2      | Reached XP level 4. HP: 23/23 MP: 5/5
  1681 | D:2      | Found an iron altar of Okawaru.
  2802 | D:4      | Reached XP level 5. HP: 16/26 MP: 6/6
  3074 | D:4      | Found an ancient bone altar of Kikubaaqudgha.
  3128 | D:4      | Noticed a lemure
  3130 | D:4      | Noticed a lemure
  3132 | D:4      | Noticed Pikel
  3132 | D:4      | Noticed a lemure
  3226 | D:4      | Noticed a lemure
  3284 | D:4      | Reached skill level 9 in Stealth
  3567 | D:4      | Reached XP level 6. HP: 28/30 MP: 7/7
  3873 | D:4      | Killed Pikel
  3874 | D:4      | Reached skill level 10 in Stealth
  3874 | D:4      | Reached XP level 7. HP: 25/36 MP: 8/8
  4186 | D:4      | Reached skill level 5 in Short Blades
  4242 | D:4      | Reached skill level 5 in Dodging
  4250 | D:4      | Reached XP level 8. HP: 36/40 MP: 9/9
  4344 | D:5      | Entered Level 5 of the Dungeon
  4525 | D:5      | Noticed Menkaure
  4534 | D:4      | Learned a level 1 spell: Foxfire
  4537 | D:4      | Learned a level 2 spell: Scorch
  4585 | D:5      | Slain by Menkaure

Illustrated notes

Levels and vault maps discovered:
D:1:      dpeg_arrival_rooms_c, layout_loops_corners, basic_ecumenical_altar,
          serial_forest, infiniplex_forest_lined_1,
          infiniplex_forest_clump_medium, infiniplex_forest_straight_3,
          infiniplex_forest_lined_corner, infiniplex_forest_corner_1,
          infiniplex_forest_clump_tiny, infiniplex_forest_straight_2
D:2:      layout_rooms, serial_forest, infiniplex_forest_lined_ring,
          infiniplex_forest_lined_corner, infiniplex_forest_clump_curved,
          infiniplex_forest_lined_1, infiniplex_forest_lined_room_2,
          infiniplex_forest_lined_room_2, basic_altar, uniq_jessica
D:3:      layout_rooms
D:4:      layout_basic, lemuel_round_altar, minmay_joined_circles, uniq_pikel
D:5:      layout_rooms, mainiacjoe_overflow_small_starburst, uniq_edmund,
          uniq_menkaure

Skill      XL: |  1  2  3  4  5  6  7 |
---------------+----------------------+-----
Stealth        | 6 7 8 9 10 | 10.7
Dodging        | 2 3 4 5 |  5.7
Fighting       | 2 3 |  3.6
Short Blades   | 3 4 5 |  5.6
Throwing       | 3 |  3.4
Spellcasting   | |  0.4
Conjurations   | |  0.1
Fire Magic     | |  0.2

Action                   |  1- 3 |  4- 6 |  7- 9 || total
-------------------------+-------+-------+-------++-------
Melee: Dagger            |    67 |   174 |    95 ||   336
       Punch             |       |     8 |     3 ||    11
Throw: Dart              |     4 |    29 |    10 ||    43
  Use: Scroll            |       |     1 |     7 ||     8
       Potion            |       |       |     2 ||     2
 Stab: Sleeping          |    26 |     8 |     3 ||    37
       Distracted        |       |     1 |       ||     1
       Invisible         |       |       |     1 ||     1
Armor: Robe              |     7 |    21 |     6 ||    34
Dodge: Dodged            |    30 |   106 |    73 ||   209
